 Dungeon Crawl Stone Soup version 0.27-a0-1301-g128193abf8 (webtiles) character file.

Game seed: 7300826929040532902

18696 Froggeryz the Bludgeoner (level 12, -3/100 HPs)
             Began as a Ghoul Delver on June 17, 2021.
             Was a High Priest of Okawaru.
             Slain by a red devil (12 damage)
             ... summoned by Frances
             ... on level 12 of the Dungeon.
             The game lasted 00:30:08 (20717 turns).

Froggeryz the Bludgeoner (Ghoul Delver)            Turns: 20717, Time: 00:30:09

Health: -3/100     AC: 12    Str: 21    XL:     12   Next: 61%
Magic:  19/20      EV: 13    Int:  5    God:    Okawaru [*****.]
Gold:   313        SH: 11    Dex: 10    Spells: 11/11 levels left

rFire    . . .     SeeInvis .   B - +0 morningstar (distort)
rCold    + . .     Faith    .   F - +0 buckler
rNeg     + + +     Spirit   .   i - +3 leather armour {rPois}
rPois    ∞         Reflect  +   r - +0 helmet
rElec    .         Harm     .   K - +0 cloak {Will+}
rCorr    .         Rampage  .   u - +1 pair of gloves
Will     ++...                  (no boots)
Stlth    ++++......             t - amulet of reflection
HPRegen  0.00/turn              z - ring of willpower
MPRegen  0.17/turn              e - ring of magical power

@: heroic, attractive
A: claws 1, cold resistance 1, negative energy resistance 3, inhibited
regeneration, torment resistance 2
a: Renounce Religion, Heroism, Finesse


You were on level 12 of the Dungeon.
You worshipped Okawaru.
Okawaru was extremely pleased with you.
You visited 2 branches of the dungeon, and saw 13 of its levels.
You visited 1 bazaar.
You also visited: Ice Cave.

You collected 834 gold pieces.
You spent 521 gold pieces at shops.

Inventory:

Hand Weapons
 d - a +2 vorpal flail
 m - a +2 whip of venom
 B - a +0 morningstar of distortion (weapon)
Missiles
 a - 2 curare-tipped darts
 n - 60 poisoned darts (quivered)
 p - 15 boomerangs
 y - 18 boomerangs of dispersal
 E - 2 throwing nets
Armour
 i - a +3 leather armour of poison resistance (worn)
 r - a +0 helmet (worn)
 u - a +1 pair of gloves (worn)
 F - a +0 buckler (worn)
 K - a +0 cloak of willpower (worn)
Jewellery
 e - a ring of magical power (right hand)
 t - an amulet of reflection (around neck)
 z - a ring of willpower (left hand)
Wands
 g - a wand of digging (5)
 k - a wand of flame (20)
 J - a wand of iceblast (8)
Scrolls
 c - 3 scrolls of fog
 f - a scroll of silence
 j - a scroll of torment {unknown}
 l - 3 scrolls of magic mapping
 o - 3 scrolls of identify
 q - 2 scrolls of enchant armour
 w - a scroll of teleportation
 D - 2 scrolls of immolation
 I - a scroll of amnesia
Potions
 b - 2 potions of attraction
 h - 2 potions of invisibility
 s - 2 potions of might {unknown}
 v - a potion of brilliance {unknown}
 x - a potion of flight {unknown}
 A - 2 potions of resistance
 C - a potion of ambrosia {unknown}
 H - a potion of curing


   Skills:
 + Level 7.5(12.5) Fighting
 * Level 15.4(20.4) Maces & Flails
 - Level 3.1(8.1) Armour
 - Level 1.7(6.7) Dodging
 - Level 5.4(10.4) Stealth
 - Level 7.0(12.0) Shields


You had 11 spell levels left.
You didn't know any spells.
Your spell library contained the following spells:

 Spells                   Type           Power      Damage    Failure   Level
 Bolt of Magma            Conj/Fire/Erth 0%         4d4       100%        5
 Iskenderun's Battlesphe  Conj           0%         2d6       100%        5
 Iron Shot                Conj/Erth      0%         9d1       100%        6
 Orb of Destruction       Conj           0%         N/A       100%        7
 Spellforged Servitor     Conj/Summ      0%         N/A       100%        7


Dungeon Overview and Level Annotations

Branches:
Dungeon (12/15)            Temple (1/1) D:6            Lair (0/6) D:11
    Orc (0/2) D:10          IceCv (visited)

Altars:
Ashenzari
Cheibriados
Dithmenos
Elyvilon
Fedhas
Gozag
Hepliaklqana
Kikubaaqudgha
Makhleb
Nemelex Xobeh
Okawaru
Qazlal
Ru
Sif Muna
Trog
Uskayaw
Vehumet
Wu Jian
Xom
Yredelemnul
Zin
The Shining One

Shops:
D:3 (**=!   D:6 =   D:8 ?(*?[   D:10 **   D:11 *

Annotations:
D:3 2 transporters, CInkIbrahim's ghost, amateur MfGl
D:10 3 runed translucent doors, Johnny's ghost, journeyman DEEE
D:12 Frances


Innate Abilities, Weirdness & Mutations

You thrive by killing the living.
You are immune to poison.
You have sharp fingernails.
Your flesh is cold resistant. (rC+)
You are immune to negative energy. (rN+++)
You do not regenerate when monsters are visible.
You are immune to unholy pain and torment.


Message History

The hellwing barely misses you. The hellwing hits you.
* * * LOW HITPOINT WARNING * * *
Okay, then.
You impale Frances!!
Frances is heavily wounded.
Frances hits you but does no damage.
You sock Frances!
Frances is heavily wounded.
Frances blinks!
The red devil hops backward while attacking.
The red devil hits you but does no damage.
The hellwing closely misses you. You block the hellwing's attack.
Okay, then.
Really quaff the potion of attraction? [Y]es or [N]o only, please.
Really quaff the potion of attraction?
You feel attractive to monsters.
Frances mutters in a terrible tongue.
The iron shot misses you.
The hellwing hits you but does no damage.
You block the hellwing's attack. You block the red devil's attack.
The red devil is pulled toward you! Frances is pulled toward you!
You sock Frances!
Space bends around Frances.
Frances is severely wounded.
Frances hits you with a +0 trident!
* * * LOW HITPOINT WARNING * * *
The hellwing hits you.
* * * LOW HITPOINT WARNING * * *
The hellwing barely misses you. You block the red devil's attack.
You barely miss Frances.
Frances is severely wounded.
Frances mutters in a terrible tongue.
Frances seems to speed up.
You hit Frances but do no damage.
Space bends around Frances.
Frances is severely wounded.
The hellwing hits you but does no damage.
You block the hellwing's attack.
The red devil hops backward while attacking.
The red devil hits you from afar with a +0 trident!
You die...

,,,,,,****,*,,,,,,,,,,,,,*,,,,,,,
,,,,,,* *,*,,,,,,,,,,,,,*,,,,,,,
,,,,,,* *,********+******,,,,,,,
,,,,,,* *,#######,,,,,,,,,,,*,,,
**+**,* *,#.....+,,,,,,,,,,,*,,,
,,,,*,* *,#.....#,,,,,,,,,,,,,,,
,,,,*,* *,#.....#,,*****,,,,,,,,
,,,,*,****,#....@#,,*****,,,,,,,,
,,,,*,,,,,,#..4.@+,,,,,,,,,,,,,,,
,,,,*,,,,,,#...4.#########,,,,,,,
,,,,*,,**,,#.............#,,,,,,,
,,,,*,,**,,#.............#,,,,,,,
,,,,*,,**,,#.............#,,,,,,,
,,,,*,,**,,####.###......#,,,,,,,
*****,,,,,,* ##..##......#,,,,,,,
,,,,**+*****##...##......#,,,,,,,
,,,,,,,,,,* #.....#......#,,,,,,,


You could see Frances (fast), a hellwing (summoned) and a red devil (summoned).

Vanquished Creatures
  Josephine (D:11)
  Harold (D:8)
  A hydra (D:11)
  2 two-headed ogres
  A manticore (D:11)
  An ugly thing (IceCv)
  Joseph (D:8)
  An unseen horror (D:11)
  Psyche (D:8)
  5 trolls
  2 hornets
  Prince Ribbit (D:5)
  A shadow (D:11)
  A vampire (D:8)
  2 wraiths (D:11)
  4 humans (D:12)
  21 yaks
  A basilisk (D:9)
  Edmund (D:3)
  Menkaure (D:4)
  3 water moccasins
  9 ice beasts
  A hornet zombie (D:7)
  6 orc warriors
  A sky beast (D:4)
  5 ogres
  5 centaurs
  3 phantoms
  11 kobold brigands
  A bullfrog (D:7)
  A gnoll sergeant (D:7)
  2 scorpions
  13 killer bees
  6 wights
  2 howler monkeys
  A bullfrog zombie (D:5)
  3 centaur zombies
  4 orc priests
  5 hounds
  2 centaur skeletons
  2 jellies
  2 bullfrog skeletons
  4 iguanas
  Ijyb (D:4)
  14 orc wizards
  2 killer bee zombies
  2 howler monkey zombies
  6 adders
  26 gnolls (D:4)
  2 shadow imps
  12 white imps (D:11)
  2 ufetubi
  3 worms
  5 dart slugs
  51 orcs
  6 ball pythons
  5 bats
  3 endoplasms
  3 giant cockroaches
  8 goblins
  7 hobgoblins
  19 jackals
  2 quokkas
  5 frilled lizards
  33 kobolds
  9 rats
368 creatures vanquished.

Vanquished Creatures (others)
  An orc wizard (D:8)
  A kobold (D:10)
  A bush (D:11)
  A fungus (D:10)
  2 plants (D:10)
6 creatures vanquished.

Grand Total: 374 creatures vanquished

Notes
Turn   | Place    | Note
-------+----------+-------------------------------------------
     0 | D:5      | Froggeryz the Ghoul Delver began the quest for the Orb.
     0 | D:5      | Reached XP level 1. HP: 19/19 MP: 0/0
    32 | D:5      | Noticed a scorpion
    81 | D:5      | Reached skill level 2 in Maces & Flails
   191 | D:5      | Noticed a jelly
   192 | D:5      | Noticed a hound
   257 | D:5      | Reached skill level 1 in Armour
   257 | D:5      | Reached XP level 2. HP: 5/26 MP: 1/1
   257 | D:5      | Reached XP level 3. HP: 6/31 MP: 2/2
   504 | D:5      | Noticed an ogre
   523 | D:5      | Noticed an orc warrior
   524 | D:5      | Noticed Prince Ribbit
   613 | D:4      | Noticed Edmund
   617 | D:4      | Noticed a phantom
   848 | D:3      | Found Yroitoch's Distillery.
   875 | D:3      | Reached skill level 3 in Maces & Flails
  1032 | D:3      | Found Vyhymah's General Store.
  1066 | D:3      | Bought a scroll of identify for 22 gold pieces
  1076 | D:3      | Found a transporter.
  1090 | D:3      | Reached XP level 4. HP: 37/38 MP: 3/3
  1182 | D:1      | Found a faded altar of an unknown god.
  3373 | D:3      | Found Boan's Jewellery Shop.
  3393 | D:3      | Found a transporter.
  3394 | D:3      | Found Plog's General Store.
  3400 | D:3      | Reached XP level 5. HP: 45/45 MP: 4/4
  3467 | D:3      | Found Voiwkif's Antique Weapon Boutique.
  3514 | D:3      | Noticed CInkIbrahim's ghost (amateur MfGl)
  3932 | D:3      | Killed a phantom
  3933 | D:3      | Reached skill level 4 in Maces & Flails
  5375 | D:3      | Killed Edmund
  5376 | D:3      | Reached skill level 5 in Maces & Flails
  5376 | D:3      | Reached XP level 6. HP: 15/51 MP: 5/5
  5632 | D:4      | Noticed Ijyb
  5988 | D:4      | Reached XP level 7. HP: 55/57 MP: 6/6
  6012 | D:4      | Reached skill level 6 in Maces & Flails
  6031 | D:4      | Killed Ijyb
  6182 | D:4      | Noticed Menkaure
  6190 | D:4      | Killed Menkaure
  6191 | D:4      | Reached skill level 7 in Maces & Flails
  6420 | D:4      | Reached XP level 8. HP: 46/63 MP: 7/7
  6839 | D:4      | Reached skill level 8 in Maces & Flails
  7257 | D:4      | Reached skill level 9 in Maces & Flails
  7947 | D:5      | Reached XP level 9. HP: 23/70 MP: 8/8
  8282 | D:5      | Reached skill level 10 in Maces & Flails
  8521 | D:5      | Killed Prince Ribbit
  8893 | D:6      | Reached skill level 11 in Maces & Flails
  8957 | D:6      | Found Zaipt's Jewellery Emporium.
  9649 | D:6      | Found a staircase to the Ecumenical Temple.
  9750 | Temple   | Entered the Ecumenical Temple
  9906 | Temple   | Became a worshipper of Warmaster Okawaru
 10023 | D:7      | Found a radiant altar of Vehumet.
 10602 | D:7      | Reached skill level 12 in Maces & Flails
 10602 | D:7      | Reached XP level 10. HP: 77/77 MP: 9/9
 11156 | D:7      | Found the +9 heavy crossbow "Sniper" {vorpal, Acc+∞ SInv}
 11256 | D:7      | Identified the +9 dagger of Duty {antimagic, Fragile rCorr
                  | Int+4 Stlth+}
 11304 | D:8      | Found a hide-covered altar of Uskayaw.
 11305 | D:8      | Found a stormy altar of Qazlal.
 11305 | D:8      | Found Ostruwkur's General Store.
 11325 | D:7      | Reached * piety under Okawaru
 11722 | D:8      | Bought a +0 morningstar of distortion for 156 gold pieces
 11732 | D:8      | Found Kuamod's Magic Scroll Shop.
 11736 | D:8      | Bought a scroll of teleportation for 42 gold pieces
 11736 | D:8      | Bought a scroll of immolation for 49 gold pieces
 11753 | D:8      | Noticed Harold
 12194 | D:7      | Reached skill level 13 in Maces & Flails
 12225 | D:8      | Killed Harold
 12225 | D:8      | Reached ** piety under Okawaru
 12455 | D:8      | Found Kimnabis's Weapon Boutique.
 12534 | D:8      | Noticed Joseph
 12747 | D:8      | Noticed Psyche
 12780 | D:8      | Killed Psyche
 12782 | D:8      | Reached *** piety under Okawaru
 12783 | D:8      | Reached XP level 11. HP: 35/82 MP: 8/10
 13074 | D:8      | Found Pyzurghur's Antique Armour Boutique.
 13076 | D:8      | Noticed a two-headed ogre
 13089 | D:8      | Killed a two-headed ogre
 13090 | D:8      | Reached skill level 5 in Shields
 13264 | D:8      | Bought a helmet for 117 gold pieces
 13594 | D:8      | Found Dafierewext's Magic Scroll Shoppe.
 13689 | D:8      | Killed Joseph
 14109 | D:8      | Reached **** piety under Okawaru
 14577 | D:9      | Found a sparkling altar of Nemelex Xobeh.
 14854 | D:8      | Reached ***** piety under Okawaru
 15273 | D:9      | Noticed a two-headed ogre
 15336 | D:9      | Killed a two-headed ogre
 15337 | D:9      | Reached skill level 14 in Maces & Flails
 16220 | D:10     | Entered Level 10 of the Dungeon
 16251 | D:10     | Found Buz Yts's Changing Room.
 16480 | D:10     | Received a gift from Okawaru
 16481 | D:10     | Reached skill level 5 in Fighting
 16639 | D:9      | Reached XP level 12. HP: 84/94 MP: 11/11
 16874 | D:10     | Found a staircase to the Orcish Mines.
 16962 | D:10     | Found Monleu's General Store.
 16967 | D:10     | Found a runed translucent gate.
 16968 | D:10     | Found a runed translucent gate.
 16969 | D:10     | Found a runed translucent gate.
 16970 | D:10     | Noticed Johnny's ghost (journeyman DEEE)
 17118 | D:11     | Found a frozen archway.
 17138 | IceCv    | Entered an ice cave
 18078 | IceCv    | HP: 3/96 [ice beast[an ice statue] (6)]
 18438 | D:11     | Found a staircase to the Lair.
 19209 | D:11     | Found a blossoming altar of Fedhas.
 19258 | D:11     | Found Kelesk's Assorted Antiques.
 19291 | D:11     | Reached skill level 15 in Maces & Flails
 19580 | D:11     | Bought a twisted steel ring for 135 gold pieces
 19635 | D:11     | Noticed Josephine
 19635 | D:11     | Noticed a seven-headed hydra
 19681 | D:11     | Killed Josephine
 20260 | D:11     | Killed a seven-headed hydra
 20618 | D:12     | Found a flickering gateway to a bazaar.
 20652 | Bazaar   | Entered a bazaar
 20654 | Bazaar   | Found Ecugh's Antique Weapon Boutique.
 20658 | Bazaar   | Found Ohoevemis's Assorted Antiques.
 20658 | Bazaar   | Found Copidudeff's General Store.
 20658 | Bazaar   | Found Tocwoss's Jewellery Boutique.
 20701 | D:12     | Noticed Frances
 20717 | D:12     | Slain by a red devil

Illustrated notes

Levels and vault maps discovered:
D:1:      nicolae_arrival_washed_ashore, layout_basic, serial_forest,
          infiniplex_forest_clump_diagonal, infiniplex_forest_end_2,
          infiniplex_forest_split, infiniplex_forest_corner_1,
          infiniplex_forest_end_double, infiniplex_forest_end_double,
          infiniplex_forest_lined_3, chequers_ecumenical_altar_simple_redux
D:2:      layout_loops_ring
D:3:      cheibrodos_helix_gallery, layout_basic, gammafunk_ghost_arena,
          serial_shops, nicolae_shop_waterfront, shop, shop, shop, shop,
          hangedman_decor_opposing
D:4:      lemuel_castle_with_subvaults [lemuel_castle_interior_original],
          layout_loops_cross, uniq_menkaure, uniq_edmund, uniq_ijyb
D:5:      layout_basic, general_overflow_altar, minmay_misc_feat_x,
          grunt_ministairs_5, skrybe_limestone_x, guppyfry_early_orc_mine,
          uniq_prince_ribbit1
D:6:      layout_loops_cross, temple_doors_ab, serial_shops, nicolae_shop_stone
D:7:      layout_basic, old_standard_altar, nrook_campfire,
          minmay_unpleasant_kobolds
D:8:      layout_basic, tso_altar, grunt_temple_overflow_open, serial_shops,
          shop, nicolae_stop_n_shop_1, shop, shop, shop, minmay_bent,
          uniq_psyche, uniq_harold, uniq_joseph
D:9:      layout_small_grid, old_standard_altar
D:10:     layout_big_octagon, orc_0_dummy, serial_shops,
          nicolae_take_the_stairs, gammafunk_ghost_nasty_kobolds,
          serial_park_tiny_pond, nicolae_transmutations_shop, chequers_garden
D:11:     layout_basic, lair_entry_dummy, serial_shops,
          nicolae_shop_behind_doors, portal_ice_cave_entry_imps,
          chequers_serial_rivers_large_b, fedhas_bush_and_centaur_altar,
          uniq_josephine
D:12:     layout_stronghold, serial_shops, bzr_entry_customers, uniq_frances,
          uniq_rupert
Temple:   eino_temple_scatter_basement

Skill      XL: |  1  2  3  4  5  6  7  8  9 10 11 12 |
---------------+-------------------------------------+-----
Maces & Flails | 2 3 5 7 9 12 13 14 15 | 15.4
Armour         | 1 2 3 |  3.1
Shields        | 4 7 |  7.0
Fighting       | 5 7 |  7.5
Dodging        | |  1.7
Stealth        | |  5.4

Action                   |  1- 3 |  4- 6 |  7- 9 | 10-12 || total
-------------------------+-------+-------+-------+-------++-------
Melee: Mace              |    49 |    39 |       |       ||    88
       Dagger            |       |   191 |       |       ||   191
       Flail             |       |    19 |   416 |   494 ||   929
       Whip              |       |       |     5 |   454 ||   459
       Morningstar       |       |       |       |    39 ||    39
Throw: Boomerang         |       |       |    14 |       ||    14
       Dart              |       |       |       |    25 ||    25
       Throwing net      |       |       |       |     5 ||     5
Invok: Heroism           |       |       |       |     3 ||     3
Evoke: Wand              |     1 |       |     3 |     8 ||    12
  Use: Scroll            |     2 |       |     9 |     6 ||    17
       Potion            |     1 |     6 |       |     5 ||    12
 Stab: Sleeping          |     1 |     8 |     5 |     2 ||    16
       Distracted        |     1 |       |     2 |     2 ||     5
       Paralysed         |       |       |     5 |       ||     5
       Held in net/web   |       |       |       |     5 ||     5
Armor: Leather armour    |    21 |     4 |   114 |   228 ||   367
       Ring mail         |       |    75 |       |       ||    75
Dodge: Dodged            |    33 |   142 |   162 |   348 ||   685
Block: Other             |       |    19 |    88 |    83 ||   190
       Reflection        |       |     1 |     1 |     9 ||    11
       Buckler           |       |       |       |   253 ||   253

Table legend: (Time is in decaauts)
 A = Elapsed time spent in this place.
 B = Non-inter-level travel time spent in this place.
 C = Inter-level travel time spent in this place.
 D = Time resting spent in this place.
 E = Time spent auto-exploring this place.
 F = Levels seen in this place.
 G = Mean time per level.
                   A        B        C        D        E       F      G
               +--------+--------+--------+--------+--------+-----+--------+
         Total |  20425 |  19723 |    702 |   7294 |   8479 |  15 | 1361.7 |
       Dungeon |  19003 |  18324 |    679 |   6322 |   8330 |  12 | 1583.6 |
        Temple |    166 |    143 |     23 |      0 |    141 |   1 |  166.0 |
        Bazaar |     41 |     41 |      0 |      0 |      8 |   1 |   41.0 |
      Ice Cave |   1213 |   1213 |      0 |    972 |      0 |   1 | 1213.0 |
               +--------+--------+--------+--------+--------+-----+--------+

Top non-repeatable levels by time:
     D:3: 2467 daAuts
     D:8: 2390 daAuts
    D:11: 2324 daAuts
     D:5: 1866 daAuts
     D:9: 1811 daAuts
     D:4: 1745 daAuts
     D:7: 1727 daAuts
     D:1: 1415 daAuts
     D:2: 1386 daAuts
     D:6: 1349 daAuts
   IceCv: 1213 daAuts
    D:10: 459 daAuts
  Temple: 166 daAuts
    D:12: 59 daAuts
  Bazaar: 41 daAuts
